 Dungeon Crawl Stone Soup version 0.31-a0-358-gac0dbeb3ab (webtiles) character file.

Game seed: 15039716775862878080

348986 Locuples the Axe Maniac (level 21, -13/217 (224) HPs)
             Began as a Minotaur Berserker on July 25, 2023.
             Was the Champion of Trog.
             Killed from afar by a shard shrike (30 damage)
             ... with a shard of ice
             ... on level 3 of Cocytus.
             The game lasted 01:57:31 (32273 turns).

Locuples the Axe Maniac (Minotaur Berserker)       Turns: 32273, Time: 01:57:32

HP:   -13/217 (224) AC: 36    Str: 34    XL:     21   Next: 55%
MP:   0/20          EV: 24    Int:  6    God:    Trog [******]
Gold: 5508          SH:  0    Dex: 27    Spells: 20/20 levels left

rFire   + + .        B - +9 executioner's axe (heavy)
rCold   + . .        (shield currently unavailable)
rNeg    . . .        U - +8 plate armour of Forking Paths {Will+ Regen+}
rPois   .            (helmet restricted)
rElec   .            y - +0 cloak
rCorr   +            K - +1 pair of gloves of Bauth {rCorr Dex+3}
SInv    .            O - +1 pair of boots "Fethrean" {*Slow Dex+5}
Will    ++...        z - amulet of guardian spirit Stlth
                     q - ring "Maeh" {rF+ Str+4 Int+2 Dex+6}
HPRegen 2.36/turn    o - ring of flight
MPRegen 0.17/turn

%: slow self (1%), guardian spirit
@: about to teleport, weak-willed, strong-willed, flying, regenerating, studying
Dodging, lightly drained, unable to drink
A: horns 2, retaliatory headbutt, cold resistance 1, fire resistance 1
}: 1/15 runes: silver
a: Renounce Religion, Berserk, Trog's Hand, Brothers in Arms


You were on level 3 of Cocytus.
You worshipped Trog.
Trog was exalted by your worship.
You visited 8 branches of the dungeon, and saw 35 of its levels.
You also visited: Sewer, Bailey and Ice Cave.

You collected 6879 gold pieces.
You spent 1371 gold pieces at shops.

Inventory:

Hand Weapons
 B - a +9 heavy executioner's axe (weapon)
Armour
 m - the +1 pair of gloves of Qara {*Corrode rN+ Will++ SInv}
   (You acquired it on level 8 of the Dungeon)

   rN:        It protects you from negative energy.
   SInv:      It lets you see invisible.
   *Corrode:  It may corrode you when you take damage.
   Will:      It greatly increases your willpower.
 y - a +0 cloak (worn)
 K - the +1 pair of gloves of Bauth (worn) {rCorr Dex+3}
   (You found it on level 5 of the Vaults)

   Dex:       It affects your dexterity (+3).
   rCorr:     It protects you from acid and corrosion.
 O - the +1 pair of boots "Fethrean" (worn) {*Slow Dex+5}
   (You found it in a bailey)

   Dex:       It affects your dexterity (+5).
   *Slow:     It may slow you when you take damage.
 U - the +8 plate armour of Forking Paths (worn) {Will+ Regen+}
   (You found it on level 5 of the Lair of Beasts)

   Regen:     It increases your rate of health regeneration.
   Will:      It increases your willpower.
Jewellery
 o - a ring of flight (right hand)
 q - the ring "Maeh" (left hand) {rF+ Str+4 Int+2 Dex+6}
   (You bought it in a shop on level 3 of the Vaults)

   [ring of dexterity]

   Str:       It affects your strength (+4).
   Int:       It affects your intelligence (+2).
   Dex:       It affects your dexterity (+6).
   rF:        It protects you from fire.
 z - an amulet of guardian spirit (around neck)
 C - the ring "Kiaraerph" {rElec Str+6 Dex-3 SInv}
   (You found it on level 5 of the Lair of Beasts)

   [ring of see invisible]

   Str:       It affects your strength (+6).
   Dex:       It affects your dexterity (-3).
   rElec:     It insulates you from electricity.
   SInv:      It lets you see invisible.
 E - the ring "Derijone" {rC- rN+++ Int+2 Dex+3 Slay+4}
   (You took it off a vault warden on level 5 of the Vaults)

   [ring of slaying]

   Int:       It affects your intelligence (+2).
   Dex:       It affects your dexterity (+3).
   Slay:      It affects your accuracy & damage with ranged weapons and melee
   (+4).
   rC:        It makes you vulnerable to cold.
   rN:        It renders you almost immune to negative energy.
 J - a ring of poison resistance
 S - the ring of Shadows {Umbra +Inv Stlth+}
   (You found it on level 1 of the Depths)

   [ring of stealth]

   Umbra:     It surrounds you with an aura of shadow, increasing your stealth
   and reducing the accuracy of all others within it.
   +Inv:      It lets you turn invisible.
   Stlth:     It makes you more stealthy.
Wands
 a - a wand of charming (4)
 F - a wand of digging (3) (quivered)
Scrolls
 b - 10 scrolls of identify
 h - a scroll of fear
 i - 3 scrolls of fog
 j - a scroll of revelation
 l - 4 scrolls of enchant armour
 u - 18 scrolls of teleportation
 w - 3 scrolls of silence
 x - 5 scrolls of poison
 H - a scroll of brand weapon
 T - a scroll of enchant weapon
Potions
 c - a potion of invisibility
 f - 5 potions of enlightenment
 k - 4 potions of curing
 n - 7 potions of resistance
 s - 3 potions of berserk rage
 t - 5 potions of might
 v - 2 potions of haste
 I - 2 potions of magic
 N - a potion of cancellation
 R - 2 potions of mutation
 Y - a potion of heal wounds


   Skills:
 O Level 27 Fighting
 O Level 27 Axes
 + Level 23.6 Armour
 * Level 18.0 Dodging
 - Level 1.4 Shields


You had 20 spell levels left.
You didn't know any spells.
Your spell library was empty.

Dungeon Overview and Level Annotations

Branches:
Dungeon (15/15)            Temple (0/1) D:7            Lair (5/5) D:10
 Shoals (1/4) Lair:2       Spider (0/4) Lair:2        Slime (0/5) Lair:5
    Orc (2/2) D:12            Elf (0/3) Orc:2        Vaults (5/5) D:13
  Crypt (0/3) Vaults:3     Depths (4/4) D:15           Hell (visited)
    Coc (3/7) Hell            Zot (0/5) Depths:4      Sewer (visited)
 Bailey (visited)           IceCv (visited)
    Dis: Hell:1         Geh: Hell:1         Tar: Hell:1

Altars:
Dithmenos
Fedhas
Gozag
Hepliaklqana
Kikubaaqudgha
Okawaru
Qazlal
Ru
Sif Muna
Xom
Yredelemnul
Zin
Jiyva

Shops:
D:4 *   Orc:2 !(:   Vaults:1 (:   Vaults:2 (   Vaults:3 =   Depths:2 [:

Portals:
Hell: Depths:1 Depths:4
Abyss: Depths:1


Innate Abilities, Weirdness & Mutations

You have a pair of horns on your head.
You reflexively headbutt those who attack you in melee.
Your flesh is cold resistant. (rC+)
Your flesh is heat resistant. (rF+)


Message History

You feel strangely unstable. The shard shrike misses you.
The harpy simulacrum claws you.
* * * LOW HITPOINT WARNING * * *
The harpy simulacrum freezes you. You resist.
* * * LOW HITPOINT WARNING * * *
The harpy simulacrum claws you but does no damage.
The shard shrike simulacrum closely misses you.
The water elemental barely misses you. You furiously retaliate!
You headbutt the water elemental, but do no damage.
The harpy simulacrum misses you. You furiously retaliate!
You headbutt the harpy simulacrum.
The harpy simulacrum completely misses you.
The water elemental is engulfed in freezing vapours.
The water elemental closely misses you. You furiously retaliate!
You headbutt the water elemental.
You destroy the water elemental!
The water elemental disappears in a puff of smoke!
The shard shrike simulacrum completely misses you.
A titan simulacrum comes into view.
Unknown command.
It's too cold; everything's frozen solid!
Really fly into that cloud of freezing vapour?
Okay, then.
You cut the water elemental into ribbons!!!!
You destroy the water elemental!
The water elemental disappears in a puff of smoke!
You carve the harpy simulacrum like a ham!!!
The harpy simulacrum vaporises!
Trog accepts your kill.
You slice the shard shrike simulacrum like a ripe choko!!!!
The shard shrike simulacrum vaporises!
Trog accepts your kill.
A spriggan defender simulacrum comes into view.
The tormentor calls on the powers of darkness!
The shard shrike convulses!
The titan convulses!
Your body is wracked with pain!
* * * LOW HITPOINT WARNING * * *
The shard shrike spits a shard of ice at you.
The shard of ice hits you!! You partially resist.
You die...

.≈≈.. .≈≈≈≈≈≈≈.....Z.
≈≈... .....≈≈≈≈≈≈....≈≈≈
≈..........≈≈≈≈≈≈≈≈~≈≈≈≈
≈........Z..≈≈≈≈≈≈R≈≈≈≈≈
............≈Z≈≈≈~......
............^≈C.......
.........##..~2☼bZ.#
............≈≈E○@#
...........~≈≈~E##
≈...........≈≈~~9#
≈...........≈≈≈Z..Z#
##.......≈≈≈≈≈≈≈~≈....
######≈≈≈≈#≈≈≈..~≈≈≈.≈≈
#≈####≈≈≈.....≈≈≈≈ ###
##≈≈...#..≈≈#
#≈≈...##..≈#


You could see a titan, a shard shrike (catching breath), a wendigo, an elemental
wellspring, a water elemental (summoned), a tormentor, an anaconda simulacrum, a
spriggan defender simulacrum, an ettin simulacrum and 2 titan simulacra.

Vanquished Creatures
  An ancient lich (Vaults:5)
  2 dread liches (Vaults:5)
  Mara (Vaults:2)
  Bai Suzhen (Vaults:2)
  Saint Roka (Vaults:1)
  Geryon (Hell)
  2 golden dragons (Vaults:5)
  Jory (Depths:4)
  2 bone dragons (Depths:4)
  A Tzitzimitl (Depths:1)
  3 doom hounds (Hell)
  Asterion (Vaults:1)
  A lich (Vaults:4)
  7 titans
  2 tentacled monstrosities
  2 quicksilver dragons
  Murray (Hell)
  4 sphinxes
  A fire giant (Vaults:5)
  2 storm dragons (Vaults:5)
  8 tengu reavers
  3 frost giants
  An iron dragon (Vaults:5)
  4 shadow dragons
  2 narguns (Coc:2)
  19 vault wardens
  A balrug (Hell)
  A deep elf sorcerer (Vaults:5)
  2 draconian scorchers (Depths:4)
  3 shard shrike simulacra
  12 very ugly things
  4 war gargoyles
  8 stone giants
  21 ironbound preservers
  A formless jellyfish (Vaults:1)
  3 reapers (Hell)
  A juggernaut skeleton (Depths:2)
  5 ironbound thunderhulks
  4 vampire knights
  Nessos (Orc:2)
  A black draconian (Depths:4)
  2 wendigos (Coc:2)
  A green draconian (Depths:4)
  4 deep elf annihilators
  The ghost of blacky4 the Fighter, a journeyman DjCj of Ashenzari (Lair:3)
  2 elemental wellsprings
  A purple draconian (Depths:4)
  A lorocyproca (Hell)
  3 red draconians (Depths:4)
  A yellow draconian (Depths:4)
  A spark wasp (shapeshifter) (Vaults:5)
  16 dire elephants
  Snorg (Lair:4)
  A blizzard demon (Depths:1)
  5 deep elf high priests
  2 green deaths (Hell)
  7 ettins
  4 fire dragons
  2 entropy weavers
  2 ice dragons (Depths:1)
  18 yaktaur captains
  A crystal guardian (Vaults:4)
  3 great orbs of eyes
  33 vault guards
  3 rakshasas
  4 ogre magi
  2 caustic shrike simulacra (Coc:2)
  2 peacekeepers
  A spriggan skeleton (Depths:2)
  10 ironbound frosthearts
  2 juggernaut simulacra
  2 hell beasts
  2 hydras
  A catoblepas (Lair:2)
  9 boulder beetles
  3 spriggan air magi
  13 centaur warriors
  A merfolk avatar (Lair:5)
  A two-headed ogre (shapeshifter) (Vaults:5)
  A satyr (shapeshifter) (Vaults:5)
  A death yak (Lair:3)
  9 two-headed ogres
  2 vampire magi (Depths:1)
  A hell hog (Hell)
  4 deep troll shamans (Depths:4)
  Urug (Lair:4)
  3 deep troll earth magi
  2 spriggan berserkers
  3 tengu warriors
  14 sun demons
  A soul eater (Hell)
  13 hell knights
  A skyshark (Lair:3)
  3 iron trolls
  3 anaconda zombies (Hell)
  8 shadow wraiths (Depths:1)
  A titan skeleton (Hell)
  An orb spider (Lair:2)
  53 deep trolls
  3 shadow demons (Depths:1)
  A deep troll (shapeshifter) (Depths:1)
  A flayed ghost (Depths:1)
  7 wizards
  18 ironbound convokers
  3 glowing orange brains
  2 deep elf archers (Vaults:5)
  4 phantasmal warriors
  2 fenstrider witch simulacra
  5 lindwurms
  3 spriggan simulacra (Coc:2)
  Pikel (D:7)
  5 orc knights
  6 harpies
  10 necromancers
  An iron dragon skeleton (Depths:2)
  A deep elf zephyrmancer (Vaults:5)
  34 ugly things
  2 deep elf pyromancers (D:14)
  2 orc sorcerers
  8 cyclopes
  6 manticores
  2 human skeletons (Vaults:2)
  A manticore (shapeshifter) (Vaults:5)
  18 vault sentinels
  12 elephants
  A naga zombie (Hell)
  A gargoyle (D:14)
  A merfolk siren (Lair:2)
  4 ice statues
  6 rust devils (Hell)
  7 black mambas
  3 eyes of devastation (Depths:2)
  5 smoke demons (Hell)
  Maggie (D:7)
  15 cane toads
  2 centaur skeletons (Hell)
  5 rime drakes
  3 hellions
  A sea snake zombie (Hell)
  4 freezing wraiths
  8 komodo dragons
  35 yaktaurs
  A bunyip simulacrum (Coc:2)
  10 ice devils
  An anaconda simulacrum (Coc:2)
  4 tengu conjurers
  A yaktaur skeleton (Vaults:2)
  8 trolls
  A red devil (Hell)
  A meliai (D:11)
  A tyrant leech (shapeshifter) (Vaults:5)
  A wind drake (Lair:5)
  Prince Ribbit (Lair:2)
  A tarantella (Vaults:4)
  2 hydra skeletons (Hell)
  5 hornets
  2 alligator zombies (Hell)
  30 blink frogs
  15 dream sheep
  A snapping turtle (Lair:5)
  A frost giant simulacrum (Vaults:2)
  3 stone giant simulacra
  29 slime creatures
  A culicivora (Vaults:1)
  A centaur simulacrum (D:15)
  A black mamba skeleton (Hell)
  3 spriggans (Depths:4)
  51 yaks
  A yak (shapeshifter) (D:15)
  4 basilisks
  3 shadows
  2 dire elephant simulacra
  4 wyverns
  4 steam dragons
  A redback (Vaults:4)
  3 vampires
  A vampire mosquito (D:11)
  3 golden eyes (Depths:2)
  Edmund (D:4)
  9 wargs
  An acid dragon (D:13)
  7 harpy simulacra
  A hydra simulacrum (Coc:2)
  14 water moccasins
  Duvessa (D:7)
  2 floating eyes (Depths:2)
  38 orc warriors
  A sky beast (D:4)
  2 black bears
  10 ogres
  An ice dragon simulacrum (Coc:1)
  An alligator simulacrum (Hell)
  4 boggarts
  13 wolves
  17 centaurs
  2 lemures (D:7)
  4 kobold brigands
  13 bullfrogs
  A human simulacrum (Depths:2)
  A gnoll sergeant (D:9)
  2 cane toad simulacra (IceCv)
  A naga simulacrum (Coc:2)
  3 scorpions
  22 wights
  Dowan (D:7)
  10 killer bees (D:9)
  A swamp dragon simulacrum (Coc:1)
  4 electric eels (Lair:3)
  6 howler monkeys
  7 jellies
  15 orc priests
  2 hounds (D:6)
  2 iguanas
  2 sleepcaps
  Jessica (D:2)
  Natasha (D:2)
  16 orc wizards
  2 polar bear simulacra (IceCv)
  Terence (D:2)
  10 adders
  12 gnolls
  4 river rats
  2 shadow imps
  A white imp (D:7)
  3 ufetubi
  4 worms
  A dart slug (D:1)
  89 orcs
  9 bats
  15 endoplasms
  10 giant cockroaches
  11 goblins
  19 hobgoblins
  4 jackals (D:1)
  4 quokkas
  12 ball pythons
  10 frilled lizards
  27 kobolds
  15 rats
  A spectral weapon (Vaults:1)
1403 creatures vanquished.

Vanquished Creatures (others)
  A caustic shrike simulacrum (Coc:2)
  A wizard (Vaults:4)
  An unseen horror (D:10)
  A dire elephant simulacrum (Coc:2)
  3 harpy simulacra (Coc:2)
  An orc wizard (D:8)
8 creatures vanquished.

Grand Total: 1411 creatures vanquished

Notes
Turn   | Place    | Note
-------+----------+-------------------------------------------
     0 | D:1      | Locuples the Minotaur Berserker began the quest for the
                  | Orb.
     0 | D:1      | Reached XP level 1. HP: 19/19 MP: 0/0
   102 | D:1      | Reached XP level 2. HP: 26/27 MP: 1/1
   152 | D:1      | Reached XP level 3. HP: 26/34 MP: 2/2
   158 | D:1      | Reached ** piety under Trog
   605 | D:2      | Noticed Terence
   617 | D:2      | Killed Terence
   618 | D:2      | Reached XP level 4. HP: 41/41 MP: 3/3
   641 | D:2      | Found a faded altar of an unknown god.
   671 | D:2      | Reached skill level 5 in Axes
   679 | D:2      | Reached skill level 5 in Fighting
   739 | D:2      | Noticed Natasha
   744 | D:2      | Killed Natasha
   745 | D:2      | Reached XP level 5. HP: 48/48 MP: 4/4
  1059 | D:2      | Noticed Jessica
  1065 | D:2      | Killed Jessica
  1065 | D:2      | Reached *** piety under Trog
  1482 | D:3      | Reached XP level 6. HP: 49/56 MP: 5/5
  1567 | D:3      | Reached skill level 1 in Shields
  1653 | D:3      | Found a glowing drain.
  1654 | D:3      | Reached **** piety under Trog
  1667 | Sewer    | Entered a sewer
  1874 | Sewer    | Found a viscous altar of Jiyva.
  1933 | Sewer    | Reached XP level 7. HP: 56/61 MP: 6/6
  2600 | D:4      | Found a shimmering altar of Xom.
  2600 | D:4      | Found a shimmering altar of Xom.
  2601 | D:4      | Found a shimmering altar of Xom.
  2601 | D:4      | Found a shimmering altar of Xom.
  2601 | D:4      | Found a shimmering altar of Xom.
  2610 | D:4      | Found a shimmering altar of Xom.
  2758 | D:4      | Found an iron altar of Okawaru.
  2761 | D:4      | Found a blossoming altar of Fedhas.
  2918 | D:4      | Noticed Edmund
  2944 | D:4      | Killed Edmund
  2945 | D:4      | Reached XP level 8. HP: 33/71 MP: 3/7
  3095 | D:4      | Reached skill level 5 in Armour
  3116 | D:4      | Found a stormy altar of Qazlal.
  3326 | D:4      | Found Cushop's Assorted Antiques.
  3439 | D:4      | Bought a battleaxe for 162 gold pieces
  3471 | D:5      | Entered Level 5 of the Dungeon
  3502 | D:5      | Reached ***** piety under Trog
  3734 | D:5      | Reached skill level 10 in Axes
  4042 | D:5      | Found an opulent altar of Gozag.
  4403 | D:5      | Found a glowing silver altar of Zin.
  4646 | D:5      | Found a sacrificial altar of Ru.
  4997 | D:6      | Reached XP level 9. HP: 78/79 MP: 8/8
  5508 | D:7      | Identified the +5 plate armour of the Known World {Int+3
                  | Dex+3}
  5558 | D:7      | Found a staircase to the Ecumenical Temple.
  5560 | D:7      | Noticed Dowan
  5561 | D:7      | Noticed Duvessa
  5570 | D:7      | Killed Duvessa
  5586 | D:7      | Killed Dowan
  5588 | D:7      | Identified the +4 hand axe of Fibuf {heavy, Str+2}
  5786 | D:7      | Noticed Pikel
  5800 | D:7      | Killed Pikel
  5977 | D:7      | Noticed Maggie
  5995 | D:7      | Killed Maggie
  5995 | D:7      | Received a gift from Trog
  6159 | D:7      | Reached XP level 10. HP: 88/90 MP: 9/9
  6304 | D:8      | Found a flagged portal.
  6327 | Bailey   | Entered a bailey
  6620 | Bailey   | Identified the +1 pair of boots "Fethrean" {*Slow Dex+5}
  6975 | D:8      | Noticed a cyclops
  6981 | D:8      | Noticed a two-headed ogre
  6990 | D:8      | Killed a cyclops
  6991 | D:8      | Killed a two-headed ogre
  6992 | D:8      | Reached skill level 10 in Fighting
  6992 | D:8      | Reached skill level 10 in Armour
  7066 | D:8      | Identified a scroll of acquirement
  7066 | D:8      | Acquired the +1 pair of gloves of Qara {*Corrode rN+ Will++
                  | SInv}
  7164 | D:9      | Received a gift from Trog
  7165 | D:9      | Reached XP level 11. HP: 75/100 MP: 10/10
  7341 | D:9      | Reached skill level 15 in Axes
  8099 | D:10     | Entered Level 10 of the Dungeon
  8277 | D:10     | Found a staircase to the Lair.
  8295 | D:10     | Noticed a two-headed ogre
  8302 | D:10     | Killed a two-headed ogre
  8755 | D:10     | Identified the +3 leather armour "Faymanlu" {rC- rN++
                  | Regen+ Stlth+}
  9003 | D:10     | Found a shimmering blue altar of Sif Muna.
  9395 | D:11     | HP: 5/104 [spore (8)]
  9857 | D:11     | Identified the +2 cloak "Moasif" {Stlth+}
 10044 | D:12     | Reached XP level 12. HP: 98/112 MP: 9/11
 10183 | D:12     | Noticed a boulder beetle
 10197 | D:12     | Killed a boulder beetle
 10283 | D:12     | Noticed a fire dragon
 10286 | D:12     | Noticed a centaur warrior
 10296 | D:12     | Killed a fire dragon
 10300 | D:12     | Killed a centaur warrior
 10305 | D:12     | Noticed a two-headed ogre
 10325 | D:12     | Noticed a two-headed ogre
 10334 | D:12     | Killed a two-headed ogre
 10337 | D:12     | HP: 2/113 [two-headed ogre/+0 giant club (14)]
 10573 | D:13     | Acquired a +3 battleaxe of flaming
 10588 | D:12     | Killed a two-headed ogre
 10631 | D:12     | Identified the staff of the Beginning {rPois rF+ rC- Will+
                  | Stlth+ Poison}
 10669 | D:12     | Noticed a tengu warrior
 10678 | D:12     | Killed a tengu warrior
 10759 | D:12     | Identified the staff "Orb Guardian's Death" {Drain rF+ rC-
                  | rN++ Str+2 SInv Fire}
 10763 | D:12     | Identified the +4 short sword "Yjar" {antimagic, Dex+3}
 10767 | D:12     | Identified the +5 ring mail "Ceidurch" {Harm Will+ SInv}
 10803 | D:12     | Found a staircase to the Orcish Mines.
 10861 | D:12     | Noticed a boulder beetle
 10870 | D:12     | Killed a boulder beetle
 10903 | D:12     | Gained mutation: You are clumsy. (Dex -2) [potion of
                  | mutation]
 10903 | D:12     | Gained mutation: You possess an exceptional clarity of
                  | mind. [potion of mutation]
 10904 | D:12     | Lost mutation: You are clumsy. (Dex -2) [potion of
                  | mutation]
 10904 | D:12     | Lost mutation: You possess an exceptional clarity of mind.
                  | [potion of mutation]
 10904 | D:12     | Gained mutation: You sometimes lose your temper in combat.
                  | [potion of mutation]
 10904 | D:12     | Gained mutation: You have hidden genetic potential. [potion
                  | of mutation]
 10904 | D:12     | Gained mutation: You are partially covered in iridescent
                  | scales. (AC +2) [potion of mutation]
 10907 | D:12     | Noticed a boulder beetle
 10997 | D:12     | Noticed a centaur warrior
 10999 | D:12     | Noticed a boulder beetle
 11009 | D:12     | Killed a centaur warrior
 11009 | D:12     | Killed a boulder beetle
 11455 | D:12     | Noticed a two-headed ogre
 11462 | D:12     | Killed a two-headed ogre
 11666 | Lair:1   | Entered Level 1 of the Lair of Beasts
 11689 | Lair:1   | Found a dark tunnel.
 11752 | Lair:1   | Reached XP level 13. HP: 110/123 MP: 10/12
 12682 | Lair:2   | Found a frozen archway.
 12699 | IceCv    | Entered an ice cave
 12702 | IceCv    | Found a transporter.
 12750 | IceCv    | Found a transporter.
 12769 | IceCv    | Received a gift from Trog
 12788 | IceCv    | Lost mutation: You sometimes lose your temper in combat.
                  | [hidden potential]
 13055 | Lair:2   | Noticed Prince Ribbit
 13062 | Lair:2   | Killed Prince Ribbit
 13262 | Lair:2   | Found a staircase to the Shoals.
 13295 | Shoals:1 | Entered Level 1 of the Shoals
 13601 | Lair:2   | Found a hole to the Spider Nest.
 14561 | Lair:4   | Reached skill level 15 in Fighting
 14624 | Lair:4   | Noticed Snorg
 14640 | Lair:4   | Killed Snorg
 14954 | Lair:4   | Noticed Urug
 14960 | Lair:4   | Killed Urug
 15296 | Lair:5   | Entered Level 5 of the Lair of Beasts
 15296 | Lair:5   | Found a viscous altar of Jiyva.
 15298 | Lair:5   | Found a staircase to the Slime Pits.
 15323 | Lair:5   | Reached skill level 15 in Armour
 15331 | Lair:5   | Reached XP level 14. HP: 85/135 MP: 10/13
 15415 | Lair:5   | Identified the +8 plate armour of Forking Paths {Will+
                  | Regen+}
 15602 | Lair:5   | Gained mutation: Your spells are a little harder to cast,
                  | but a little more powerful. [hidden potential]
 15602 | Lair:5   | Lost mutation: You have hidden genetic potential. [hidden
                  | potential expressed]
 15709 | Lair:5   | Identified the ring "Kiaraerph" {rElec Str+6 Dex-3 SInv}
 15965 | Lair:5   | Received a gift from Trog
 16850 | Lair:3   | Found a transporter.
 16854 | Lair:3   | Found a transporter.
 16860 | Lair:3   | Noticed blacky4's ghost (journeyman DjCj)
 16887 | Lair:3   | Killed blacky4's ghost
 17295 | Lair:1   | Lost mutation: You are partially covered in iridescent
                  | scales. (AC +2) [potion of mutation]
 17295 | Lair:1   | Lost mutation: Your spells are a little harder to cast, but
                  | a little more powerful. [potion of mutation]
 17295 | Lair:1   | Gained mutation: Your flesh is cold resistant. (rC+)
                  | [potion of mutation]
 17295 | Lair:1   | Gained mutation: Your flesh is heat resistant. (rF+)
                  | [potion of mutation]
 17468 | Orc:1    | Entered Level 1 of the Orcish Mines
 17728 | Orc:2    | Entered Level 2 of the Orcish Mines
 17728 | Orc:2    | Found a staircase to the Elven Halls.
 17732 | Orc:2    | Received a gift from Trog
 17742 | Orc:2    | Reached ****** piety under Trog
 17811 | Orc:2    | Noticed Nessos
 17823 | Orc:2    | Killed Nessos
 17910 | Orc:2    | Reached XP level 15. HP: 76/147 MP: 6/14
 18077 | Orc:2    | Found Womomot's Assorted Antiques.
 18077 | Orc:2    | Found Oguts's Weapon Boutique.
 18077 | Orc:2    | Found Donos's Distillery.
 18080 | Orc:2    | Found Liecuwam's Book Shoppe.
 18090 | Orc:2    | Bought a potion of heal wounds for 90 gold pieces
 18090 | Orc:2    | Bought a potion of heal wounds for 90 gold pieces
 18090 | Orc:2    | Bought a potion of enlightenment for 90 gold pieces
 19207 | D:13     | Found a gate to the Vaults.
 19305 | Vaults:1 | Entered Level 1 of the Vaults
 19320 | Vaults:1 | Paralysed by a formless jellyfish for 1 turns
 19388 | Vaults:1 | Found Ypnerry's Weapon Shop.
 19440 | Vaults:1 | Noticed Asterion
 19453 | Vaults:1 | Killed Asterion
 19457 | Vaults:1 | Received a gift from Trog
 19526 | Vaults:1 | Found Naiquh's Book Shop.
 19628 | Vaults:1 | Noticed a vault warden
 19647 | Vaults:1 | Killed a vault warden
 19765 | Vaults:1 | Identified the +1 cloak "Exuaff" {Int+3}
 19822 | Vaults:1 | Noticed Saint Roka
 19842 | Vaults:1 | Killed Saint Roka
 20217 | Vaults:1 | Reached XP level 16. HP: 153/159 MP: 12/15
 20623 | Vaults:2 | Noticed Mara
 20651 | Vaults:2 | Noticed Locuples's illusion
 20652 | Vaults:2 | Killed Mara
 20763 | Vaults:2 | Reached skill level 5 in Dodging
 21225 | Vaults:2 | Noticed a sphinx
 21233 | Vaults:2 | Killed a sphinx
 21243 | Vaults:2 | Found Veunuel's Weapon Shop.
 21461 | Vaults:2 | Noticed Bai Suzhen
 21471 | Vaults:2 | Killed Bai Suzhen
 21667 | Vaults:2 | Received a gift from Trog
 22060 | Vaults:3 | Found Uroicong's Jewellery Emporium.
 22074 | Vaults:3 | Bought the ring "Maeh" {rF+ Str+4 Int+2 Dex+6} for 939 gold
                  | pieces
 22317 | Vaults:3 | Reached XP level 17. HP: 126/170 MP: 12/16
 22697 | Vaults:3 | Found a staircase to the Crypt.
 22697 | Vaults:3 | Found a basalt altar of Yredelemnul.
 22698 | Vaults:3 | Found an ancient bone altar of Kikubaaqudgha.
 22723 | Vaults:3 | Received a gift from Trog
 23651 | Vaults:4 | Noticed a lich
 23658 | Vaults:4 | Killed a lich
 23854 | Vaults:4 | Received a gift from Trog
 24162 | Vaults:4 | Reached XP level 18. HP: 182/182 MP: 15/17
 24327 | Vaults:4 | Identified the +9 orcbow "Anim" {drain, Fragile rElec
                  | Dex+4}
 24454 | Vaults:5 | Entered Level 5 of the Vaults
 24454 | Vaults:5 | Noticed an ancient lich
 24458 | Vaults:5 | Noticed a dread lich
 24459 | Vaults:5 | Reached skill level 10 in Dodging
 24460 | Vaults:5 | Received a gift from Trog
 24471 | Vaults:5 | Killed a dread lich
 24472 | Vaults:5 | Killed an ancient lich
 24474 | Vaults:5 | HP: 13/280 [stone giant (15)]
 24474 | Vaults:5 | HP: 5/280 [tengu reaver/+1 halberd of freezing (8)]
 24615 | Vaults:5 | Noticed a golden dragon
 24618 | Vaults:5 | Noticed a golden dragon
 24627 | Vaults:5 | Killed a golden dragon
 24629 | Vaults:5 | Killed a golden dragon
 24638 | Vaults:5 | Received a gift from Trog
 24646 | Vaults:5 | Noticed a tentacled monstrosity
 24649 | Vaults:5 | HP: 13/283 [yaktaur captain/bolt (16)]
 24989 | Vaults:5 | Killed a tentacled monstrosity
 24995 | Vaults:5 | Noticed a dread lich
 25004 | Vaults:5 | Reached XP level 19. HP: 75/198 MP: 5/18
 25007 | Vaults:5 | Killed a dread lich
 25017 | Vaults:5 | Identified the +0 plate armour of the Nightingale {rC+ rN+
                  | Will+}
 25151 | Vaults:5 | Identified the +4 flail of Zoiluph Bohi {pain, rF+ Will+
                  | Stlth+}
 25151 | Vaults:5 | Identified the ring "Derijone" {rC- rN+++ Int+2 Dex+3
                  | Slay+4}
 25153 | Vaults:5 | Identified the +2 leather armour "Qeetzain" {rC+ Dex+2
                  | Stlth+}
 25470 | Vaults:5 | Identified the +8 sling of Noruru {elec, Str+5}
 25553 | Vaults:5 | Identified the staff "Omianal" {rElec Str+2 Air}
 25555 | Vaults:5 | Got a silver rune of Zot
 25741 | Vaults:5 | Received a gift from Trog
 26179 | Vaults:5 | Identified the +1 pair of gloves of Bauth {rCorr Dex+3}
 26249 | Vaults:5 | Reached skill level 27 in Axes
 27214 | D:14     | Found a shadowy altar of Dithmenos.
 27360 | D:14     | Identified the +7 great sword "Gutz" {flame, Dex+4} (Trog
                  | gifted it to you on level 14 of the Dungeon)
 27360 | D:14     | Received a gift from Trog
 27686 | D:15     | Entered Level 15 of the Dungeon
 28103 | D:15     | Found a staircase to the Depths.
 28168 | D:15     | Found a glowing silver altar of Zin.
 28233 | Depths:1 | Entered Level 1 of the Depths
 28308 | Depths:1 | Reached XP level 20. HP: 213/213 MP: 19/19
 28370 | Depths:1 | Found a shadowy altar of Dithmenos.
 28370 | Depths:1 | Found the +5 robe of Night {Dark Will+ SInv}
 28370 | Depths:1 | Found the ring of Shadows {Umbra +Inv Stlth+}
 28612 | Depths:1 | Acquired a manual of Dodging
 28693 | Depths:1 | Found a gateway to Hell.
 28886 | Depths:1 | Found a hazy altar of Hepliaklqana.
 28887 | Depths:1 | Found a faded altar of an unknown god.
 28887 | Depths:1 | Found a faded altar of an unknown god.
 29149 | Depths:1 | Found a one-way gate to the infinite horrors of the Abyss.
 29454 | Depths:2 | Received a gift from Trog
 29874 | Depths:2 | Found Jinom's Book Shop.
 29882 | Depths:2 | Found Fymmutwo's Armour Boutique.
 29998 | Depths:2 | You fall into a shaft and drop 2 floors!
 29998 | Depths:4 | Entered Level 4 of the Depths
 30069 | Hell     | Entered the Vestibule of Hell
 30069 | Hell     | Noticed Geryon
 30076 | Hell     | Reached skill level 27 in Fighting
 30082 | Hell     | Killed Geryon
 30088 | Hell     | Noticed a doom hound
 30091 | Hell     | Reached skill level 15 in Dodging
 30094 | Hell     | Killed a doom hound
 30116 | Hell     | Noticed a doom hound
 30116 | Hell     | Noticed a doom hound
 30123 | Depths:4 | Received a gift from Trog
 30272 | Depths:4 | Noticed Jory
 30278 | Depths:4 | Killed Jory
 30512 | Depths:4 | Found a gate to the Realm of Zot.
 30512 | Depths:4 | Noticed a bone dragon
 30512 | Depths:4 | Noticed a bone dragon
 30522 | Depths:4 | Killed a bone dragon
 30523 | Depths:4 | Killed a bone dragon
 30692 | Depths:4 | Reached XP level 21. HP: 143/224 MP: 17/20
 31582 | Hell     | Received a gift from Trog
 31657 | Hell     | Found a gateway to the freezing wastes of Cocytus.
 31678 | Hell     | Noticed Murray
 31692 | Hell     | Killed Murray
 31700 | Coc:1    | Entered Level 1 of Cocytus
 31865 | Coc:1    | You are sucked into a shaft and drop 1 floor!
 32268 | Coc:3    | Noticed a shard shrike
 32269 | Coc:3    | Noticed a shard shrike
 32269 | Coc:3    | Noticed a shard shrike
 32270 | Coc:3    | Noticed a shard shrike
 32273 | Coc:3    | Killed from afar by a shard shrike

Illustrated notes

Levels and vault maps discovered:
D:1:      dpeg_arrival_pond, layout_basic, st_stairs_4, minmay_pentomino_s2
D:2:      layout_basic, ebering_ecumenical_altar_mist, kennysheep_jessica_study,
          uniq_natasha, uniq_jessica, uniq_terence
D:3:      layout_rooms, portal_sewer_entry_e, minmay_goblin_outpost
D:4:      layout_rooms, xom_redecorated, nicolae_qazlal_beasts_of_the_sky,
          nicolae_overflow_squiral, serial_curves, eino_curves_03,
          eino_curves_04, serial_shops, kennysheep_mini_moat, uniq_edmund
D:5:      layout_basic, mainiacjoe_overflow_cross_hatched,
          nicolae_ru_the_path_less_chosen, nicolae_overflow_crystal_walls
D:6:      layout_gridville
D:7:      layout_basic, minmay_temple_entry_grid, uniq_maggie, uniq_duvessa,
          uniq_pikel
D:8:      layout_basic, enter_bailey_2, chequers_serial_rivers_small_a,
          grunt_potential
D:9:      layout_cave_pods
D:10:     layout_basic, marbit_many_paths, lair_entry_dummy
D:11:     cheibrodos_elevator_heist, layout_long_grid
D:12:     minmay_the_grid_octo_triangle [minmay_the_grid_octo_thin_diamonds,
          minmay_the_grid_octo_prize_square_snowflake, minmay_the_grid_octo_77],
          layout_basic, minivault_21
D:13:     layout_gridville, david_vaults_2, kennysheep_small_square
D:14:     layout_basic, nicolae_dithmenos_the_darkroom
D:15:     grunt_enter_depths_hoard, layout_cave_pools,
          chequers_serial_rivers_large_a, ebering_dispersal_statue_hall,
          zin_scriptorium
Lair:1:   layout_gridlike, enter_volcano_1
Lair:2:   layout_chaotic_city, minmay_shoals_entry_lonely_mermaid,
          nicolae_spider_entry_orb_guardian, portal_ice_cave_demonic_guard,
          serial_bayou_shore_b, grunt_megastairs_4, uniq_prince_ribbit2
Lair:3:   layout_gridlike, nzn_ghost_randoct, disabler_island,
          grunt_megastairs_1
Lair:4:   layout_cave_pods, serial_bayou_shore_a, serial_bayou_shore_b,
          uniq_snorg, uniq_urug
Lair:5:   gammafunk_lair_ancient_temple, layout_regular_city,
          nicolae_slime_entry_field_trip, gauntlet_entry_generic
Shoals:1: layout_shoals
Orc:1:    layout_caves
Orc:2:    st_orc_rangers, layout_caves, uniq_nessos
Vaults:1: nicolae_vaults_tetromino_Z_1, nicolae_vaults_swerve,
          grunt_vaults_focal, nicolae_vaults_shipping_containers_7,
          grunt_vaults_funnel, v_misc_10, grunt_vaults_diagonal,
          hangedman_vaults_pinch, nicolae_vaults_sealed_display,
          ontoclasm_vaults_ring_large, nicolae_vaults_circle_grid_b,
          vaults_room_ringed_pool, nicolae_vaults_variable_pillar_hall,
          v_misc_10, nicolae_vaults_taking_the_gang_shopping,
          layout_vaults_maze, serial_shops, nicolae_shop_tiny_glass,
          uniq_saint_roka, uniq_asterion
Vaults:2: nicolae_vaults_tangram_2, vaults_room_door_hall,
          nicolae_vaults_double_plus_2, nicolae_vaults_mini_display_case,
          nicolae_vaults_little_ls, v_misc_9, ontoclasm_vaults_ring_square,
          nicolae_vaults_more_shelving_1, nicolae_vaults_hexular_roomagon,
          layout_vaults_omnigrid, serial_shops, shop, uniq_bai_suzhen, uniq_mara
Vaults:3: minmay_crypt_entry_necro_gods, nicolae_vaults_house_2, v_misc_30,
          v_misc_4, nicolae_vaults_trapezoid_lopsided_1,
          nicolae_vaults_hallways_thing, v_pattern_3,
          nicolae_vaults_tetromino_Z_2, nicolae_vaults_little_squares_4,
          ontoclasm_vaults_twist, nicolae_vaults_apartment_2,
          dpeg_vaults_monster_box, nicolae_vaults_tangram_2,
          layout_vaults_omnicross, serial_shops, shop
Vaults:4: dpeg_vaults_monster_row, hangedman_vaults_trim, vaults_room_door_hall,
          nicolae_vaults_what_the_h, nicolae_vaults_yaktaur_gun_rack,
          nicolae_vaults_trapezoid_1, nicolae_vaults_library_corner,
          hangedman_vaults_trim, nicolae_vaults_storage_room_doors,
          layout_vaults_big_room
Vaults:5
Depths:1: regret_index_dithmenos_brocken_genspenst, layout_basic,
          hangedman_coc_ice_floe, hangedman_abyss_or_decor_stabs,
          abyss_entry_crystal, nicolae_hepliaklqana_ecumenical_no_more
Depths:2: hangedman_surveillance_ring, layout_gridlike, rand_demon_pan_entry_3,
          minivault_11, hell_entry, kilobyte_mutagenic_chamber,
          infiniplex_staircase_spiral, minmay_shoptagon
Depths:4: grunt_x_marks_the_spot, layout_basic, minmay_misc_feat_roman,
          grunt_metal_band, hangedman_decor_opposing, uniq_jory
Hell
Coc:1:    layout_cocytus_water_paths
Coc:2:    layout_ice_bergs
Coc:3:    layout_ice_bergs

Skill      XL: |  1  2  3  4  5  6  7  8  9 10 11 12 13 14 15 16 17 18 19 20 21 |
---------------+----------------------------------------------------------------+-----
Fighting       | 4 5 6 7 8 10 12 13 15 17 18 19 21 23 26 27 | 27.0
Axes           | 4 5 6 7 9 11 12 14 16 17 19 21 23 24 25 26 27 | 27.0
Armour         | 3 4 6 9 10 12 14 15 16 17 18 19 22 23 | 23.6
Shields        | 1 |  1.4
Dodging        | 3 4 7 9 11 13 16 18 | 18.0

Action                     |  1- 3 |  4- 6 |  7- 9 | 10-12 | 13-15 | 16-18 | 19-21 || total
---------------------------+-------+-------+-------+-------+-------+-------+-------++-------
  Melee: Hand axe          |    85 |   197 |   177 |   278 |       |       |       ||   737
         Headbutt          |     9 |    43 |    47 |    85 |   166 |   133 |   133 ||   616
         Punch             |     1 |     3 |       |       |       |       |       ||     4
         Battleaxe         |       |       |   127 |    73 |   346 |       |       ||   546
         Executioner's axe |       |       |       |       |   345 |   475 |   568 ||  1388
 Invoke: Berserk           |       |     2 |     3 |     4 |     7 |     9 |    12 ||    37
         Trog's Hand       |       |     1 |     1 |     5 |     9 |     9 |    15 ||    40
    Use: Scroll            |       |       |    10 |    16 |    20 |     2 |     8 ||    56
         Potion            |       |       |     1 |     9 |     5 |     3 |     3 ||    21
   Stab: Distracted        |       |       |       |       |       |     1 |       ||     1
 Armour: Plate armour      |    83 |   146 |   207 |   248 |   619 |   310 |   573 ||  2186
         Skin              |       |       |       |       |    52 |       |       ||    52
  Dodge: Dodged            |    21 |    48 |   196 |   337 |   414 |   288 |   758 ||  2062
  Block: Other             |     5 |    46 |    13 |       |       |       |       ||    64

Table legend: (Time is in decaauts)
 A = Elapsed time spent in this place.
 B = Non-inter-level travel time spent in this place.
 C = Inter-level travel time spent in this place.
 D = Time resting spent in this place.
 E = Time spent auto-exploring this place.
 F = Levels seen in this place.
 G = Mean time per level.
                   A        B        C        D        E       F      G
               +--------+--------+--------+--------+--------+-----+--------+
         Total |  32521 |  31089 |   1432 |   2956 |  20286 |  38 |  855.8 |
       Dungeon |  13286 |  12826 |    460 |    985 |   9005 |  15 |  885.7 |
          Lair |   5419 |   5061 |    358 |     79 |   3618 |   5 | 1083.8 |
        Shoals |      5 |      5 |      0 |      0 |      0 |   1 |    5.0 |
  Orcish Mines |   1175 |   1175 |      0 |     34 |    719 |   2 |  587.5 |
        Vaults |   7506 |   7033 |    473 |   1159 |   4262 |   5 | 1501.2 |
        Depths |   3377 |   3236 |    141 |    507 |   1888 |   3 | 1125.7 |
          Hell |    199 |    199 |      0 |     20 |     12 |   1 |  199.0 |
       Cocytus |    595 |    595 |      0 |    133 |    240 |   3 |  198.3 |
         Sewer |    319 |    319 |      0 |     37 |    125 |   1 |  319.0 |
        Bailey |    358 |    358 |      0 |      0 |    197 |   1 |  358.0 |
      Ice Cave |    278 |    278 |      0 |      0 |    218 |   1 |  278.0 |
               +--------+--------+--------+--------+--------+-----+--------+

Top non-repeatable levels by time:
Vaults:4: 2026 daAuts
Depths:4: 1562 daAuts
    D:12: 1503 daAuts
Vaults:5: 1481 daAuts
     D:5: 1457 daAuts
Vaults:2: 1430 daAuts
Vaults:1: 1423 daAuts
     D:4: 1322 daAuts
  Lair:5: 1272 daAuts
  Lair:2: 1254 daAuts
Depths:1: 1212 daAuts
Vaults:3: 1144 daAuts
  Lair:4: 1082 daAuts
    D:10: 1052 daAuts
     D:9: 966 daAuts
